 Seeded DCSS version 0.30.1-6-gbe392663c4 (webtiles) character file.

Game seed: 1416809328348268147 (custom seed)

31 Psyclone the Chiller (level 3, -1/19 HPs)
             Began as a Deep Elf Ice Elementalist on Sept 20, 2023.
             Shot with an arrow by a centaur (7 damage)
             ... on level 4 of the Dungeon.
             The game lasted 00:05:34 (672 turns).

Psyclone the Chiller (Deep Elf Ice Elementalist)     Turns: 672, Time: 00:05:35

Health: -1/19      AC:  9    Str:  5    XL:     3   Next: 7%
Magic:  4/10       EV: 13    Int: 27    God:
Gold:   105        SH:  0    Dex: 15    Spells: 2/9 levels left

rFire   . . .        f - +0 dagger
rCold   . . .        (no shield)
rNeg    . . .        a - +0 robe
rPois   .            (no helmet)
rElec   .            (no cloak)
rCorr   .            (no gloves)
SInv    .            (no boots)
Will    .....        (no amulet)
Stlth   ++           d - +6 ring of intelligence
HPRegen 0.23/turn    (no ring)
MPRegen 0.12/turn

%: no passive effects
@: ice-armoured, freezing walls
A: no striking features
a: no special abilities


You were on level 4 of the Dungeon.
You visited 1 branch of the dungeon, and saw 4 of its levels.

You collected 105 gold pieces.

Inventory:

Hand Weapons
 f - a +0 dagger (weapon)
Armour
 a - a +0 robe (worn)
Jewellery
 d - a +6 ring of intelligence (left hand)
Scrolls
 c - 6 scrolls of identify {unknown}
Potions
 b - a potion of magic
 e - a potion of lignification {unknown}
 g - a potion of experience {unknown}
 h - a potion of curing {unknown}


   Skills:
 + Level 3.0 Dodging
 + Level 3.1 Stealth
 + Level 3.5 Spellcasting
 + Level 4.7 Ice Magic


You had 2 spell levels left.
You knew the following spells:

 Your Spells              Type           Power      Damage    Failure   Level
a - Freeze                Ice            100%       1d10      1%          1
b - Frozen Ramparts       Ice            60%        1d10      3%          3
c - Ozocubu's Armour      Ice            30%        N/A       3%          3

Your spell library contained the following spells:

 Spells                   Type           Power      Damage    Failure   Level
 Summon Ice Beast         Ice/Summ       17%        N/A       30%         4


Dungeon Overview and Level Annotations

Branches:
Dungeon (4/15) Zot: 23327
 Temple: D:4-7

Altars:


Message History

Confirm with . or Enter, or press ? or * to list all spells.
Aiming: Freeze (safe; 1% risk of failure)
Press: ? - help, Shift-Dir - straight line, f/p - orc
Aim: an orc, wielding a +0 dagger and wearing a +0 leather armour (almost dead)
You freeze the orc.
You kill the orc!
You now have 8/10 mp.
Things that are here:
a +0 dagger; a +0 leather armour You start resting.
HP restored.
Health restored: 19; MP restored: 10 A howler monkey comes into view.
The howler monkey howls!
The howler monkey hoots and howls with incredible vigour!
You hear a bark!
You hear an angry hiss.
The howler monkey hoots and howls with incredible vigour!
You hear a shout!
You hear an angry hiss.
A centaur comes into view.
The centaur wields a +0 shortbow.
The centaur shoots an arrow.
The arrow hits you!
You take 9 damage, and have 10/19 hp.
MASSIVE DAMAGE!!
The centaur shoots an arrow.
The arrow hits you.
* * * LOW HITPOINT WARNING * * *
You hear a bark!
You take 5 damage, and have 5/19 hp.
MASSIVE DAMAGE!!
A hound comes into view.
Casting: Freeze (safe; 1% risk of failure)
Confirm with . or Enter, or press ? or * to list all spells.
The spell is quite dangerous to miscast (3% risk of failure)!
Continue anyway?
A film of ice covers your body!
You now have 7/10 mp.
Casting: Ozocubu's Armour (quite dangerous; 3% risk of failure)
Confirm with . or Enter, or press ? or * to list all spells.
The spell is quite dangerous to miscast (3% risk of failure)!
Continue anyway?
Casting: Frozen Ramparts (quite dangerous; 3% risk of failure)
Press: ? - help, Dir - look around, f - activate The walls around you are covered in ice.
The wall freezes the centaur.
The centaur shoots an arrow.
The arrow hits you!
You die...

#.............#
#....
#.............#
...
#.<....[......##.#
##..............#
##.............# #
##..........).#
..##
##..........##
....# ##......###
.....# ##.@...#
......# ###..##
.......## #.c##
........####..#
.........##..##
.........#..##
...........##
......h...c#
.........h...


You could see a centaur.

Vanquished Creatures
  An adder (D:2)
  A worm (D:2)
  A dart slug (D:2)
  An orc (D:4)
  A bat (D:2)
  4 endoplasms
  A goblin (D:2)
  2 hobgoblins
  2 kobolds
14 creatures vanquished.

Notes
Turn   | Place    | Note
-------+----------+-------------------------------------------
     0 | D:1      | Psyclone the Deep Elf Ice Elementalist began the quest for
                  | the Orb.
     0 | D:1      | Reached XP level 1. HP: 10/10 MP: 6/6
     0 | D:1      | Noticed a minotaur
     0 | D:1      | Noticed a gargoyle
     3 | D:1      | Noticed an elf
     5 | D:1      | Noticed a dwarf
     7 | D:1      | Noticed a dwarf
     8 | D:1      | Noticed a vine stalker
    10 | D:1      | Noticed an octopode
    10 | D:1      | Noticed an elf
    12 | D:1      | Noticed an octopode
    13 | D:1      | Noticed a demigod
    14 | D:1      | Noticed a gargoyle
    17 | D:1      | Noticed a demonspawn
    19 | D:1      | Noticed a vampire
    19 | D:1      | Noticed an octopode
   252 | D:2      | Reached XP level 2. HP: 15/15 MP: 1/8
   586 | D:4      | Reached XP level 3. HP: 19/19 MP: 7/10
   613 | D:4      | Learned a level 3 spell: Frozen Ramparts
   617 | D:4      | Learned a level 3 spell: Ozocubu's Armour
   666 | D:4      | Noticed a centaur
   672 | D:4      | Shot with an arrow by a centaur

Illustrated notes

Levels and vault maps discovered:
D:1:      shiori_arrival_whats_in_store_for_you, layout_basic
D:2:      layout_rooms, serial_shops, shop, basic_altar
D:3:      layout_rooms, lemuel_tele_altar, nicolae_overflow_hallway_of_the_gods,
          chequers_serial_rivers_small_3
D:4:      layout_cave_pods, serial_shops, kennysheep_mini, uniq_duvessa

Skill      XL: |  1  2 |
---------------+-------+-----
Stealth        | 3 |  3.1
Dodging        | 3 |  3.0
Spellcasting   | |  3.5
Ice Magic      | |  4.7

Action                     || total
---------------------------++-------
  Melee: Unarmed           ||     1
         Dagger            ||     2
   Cast: Freeze            ||    27
         Ozocubu's Armour  ||     1
         Frozen Ramparts   ||     1
 Armour: Robe              ||     3
  Dodge: Dodged            ||    17
